cohdb
Replays
Latest Replays
All Replays
Popular Replays
Top Player Replays
Match Explorer
How It Works
Community
CoH3 Stats
Reddit
Sign in to upload your games and track your stats! →
Sign in with Steam
Match 41915547
Unlisted
Match 41915547
Overview
Messages
Build Orders
End
Engineer Squad
Construct Barracks
Selects Airborne Battlegroup
Selects Heavy Machine Gun Paradrop
Heavy Machine Gun Paradrop
Riflemen Squad
Construct Medical Station
Heavy Machine Gun Paradrop
Selects Paratrooper Squad Paradrop
Paratrooper Squad Paradrop
Grenade Package
Paratrooper Squad Paradrop
Selects Anti-tank Gun Team Paradrop
Anti-tank Gun Team Paradrop
Infantry Support Center
Selects Recon Loiter
Selects Supply Drop
Supply Drop
M1 Mortar Team
Construct Tank Depot
Supply Drop
孤城叶枫
Brother
0
0
Comments
sign in to comment!
No comments posted yet!